 Dungeon Crawl Stone Soup version 0.20-a0-1116-gaa52201 (webtiles) character file.

284 FastMan the Chopper (level 6, -6/40 HPs)
             Began as a Gargoyle Berserker on May 7, 2017.
             Was a Believer of Trog.
             Mangled by an iguana (8 damage)
             ... on level 4 of the Dungeon.
             The game lasted 00:01:42 (2426 turns).

FastMan the Chopper (Gargoyle Berserker)            Turns: 2426, Time: 00:01:42

Health: -6/40      AC:  9    Str: 23    XL:     6   Next: 29%
Magic:  6/6        EV: 11    Int:  7    God:    Trog [**....]
Gold:   72         SH:  0    Dex:  9    Spells: 5/5 levels left

rFire    . . .     SeeInvis .   a - +0 hand axe
rCold    . . .     Gourm    .   (no shield)
rNeg     + . .     Faith    .   i - +0 ring mail
rPois    ∞         Spirit   .   (no helmet)
rElec    +         Reflect  .   (no cloak)
rCorr    .         Harm     .   (no gloves)
MR       .....                  (no boots)
Stlth    ..........             (no amulet)
Regen    0.2/turn               (no ring)
MPRegen  0.1/turn               (no ring)

@: no status effects
A: negative energy resistance 1, electricity resistance, unbreathing,
petrification resistance, rot immunity, AC +4
a: Berserk, Trog's Hand, Burn Spellbooks, Renounce Religion


You were on level 4 of the Dungeon.
You worshipped Trog.
Trog was pleased with you.
You were not hungry.

You visited 1 branch of the dungeon, and saw 4 of its levels.

You collected 72 gold pieces.

Inventory:

Hand Weapons
 a - a +0 hand axe (weapon)
Armour
 b - a +0 animal skin
 i - a +0 ring mail (worn)
 p - a +0 pair of gloves
 r - a cursed +0 pair of gloves
Scrolls
 d - a scroll of enchant weapon {unknown}
 f - 3 scrolls of identify {unknown}
 j - 2 scrolls of amnesia {unknown}
 l - 3 scrolls of remove curse {unknown}
 q - 3 scrolls of teleportation {unknown}
 s - a scroll of enchant armour {unknown}
Potions
 e - a potion of heal wounds {unknown}
 g - a potion of agility {@q5}
 h - a potion of mutation {unknown}
 k - a potion of flight {unknown}
 m - a potion of lignification {unknown}
 n - 3 potions of curing {unknown}
 t - a potion of might {unknown}
 u - a potion of magic {unknown}
Comestibles
 c - 2 bread rations {@e1}
 o - 2 royal jellies {@e3}
 v - a meat ration {@e2}


   Skills:
 + Level 5.0 Fighting
 * Level 5.3 Axes
 - Level 2.1 Armour
 - Level 1.5 Dodging


You had 5 spell levels left.
You didn't know any spells.

Dungeon Overview and Level Annotations

Branches:
Dungeon (4/15)
 Temple: D:4-7

Altars:
Dithmenos


Innate Abilities, Weirdness & Mutations

You are resistant to torment.
Your stone body is resilient. (AC +4)
You are immune to poison.
You resist negative energy. (rN+)
You are resistant to electric shocks. (rElec)
You can survive without breathing.
You are immune to petrification.
You are immune to rotting.


Message History

* * * LOW HITPOINT WARNING * * *
Unknown command.
You eat one of the 3 bread rations {@e1}.
That bread ration really hit the spot!
The iguana bites you!
* * * LOW HITPOINT WARNING * * *
You barely miss the iguana.
The iguana is severely wounded.
The iguana misses you.
Unknown command.
You barely miss the iguana.
The iguana is severely wounded.
The iguana bites you but does no damage.
You hit the iguana.
The iguana is almost dead.
The iguana bites you.
* * * LOW HITPOINT WARNING * * *
You hit the iguana but do no damage.
The iguana is almost dead.
The iguana bites you!
You die...

........ .#.....#..#
##.<...#... .#
#.####..###..........
.###.# ...............
.#...## #.............
......## #.............
.......# #.............
.......######..)...?....
................@l......
#......######...........
.......####.........#...
.......##........#### #
..........#......#
......############
.....## #####


You could see an iguana.

Vanquished Creatures
  The ghost of Talea the Skirmisher, an amateur MiMo (D:3)
  A scorpion (D:4)
  A hound (D:4)
  A worker ant (D:4)
  2 adders
  3 oozes
  2 dart slugs
  6 leopard geckos
  An orc (D:3)
  5 giant cockroaches
  7 goblins
  9 hobgoblins
  4 kobolds
  A quokka (D:2)
  3 bats
  2 frilled lizards
  6 rats
55 creatures vanquished.

Notes
Turn   | Place    | Note
-------+----------+-------------------------------------------
     0 | D:1      | FastMan the Gargoyle Berserker began the quest for the Orb.
     0 | D:1      | Reached XP level 1. HP: 14/14 MP: 1/1
    26 | D:1      | Reached XP level 2. HP: 6/19 MP: 2/2
   326 | D:1      | Reached XP level 3. HP: 23/23 MP: 3/3
   588 | D:1      | Reached ** piety under Trog
   707 | D:2      | Found a shadowy altar of Dithmenos.
  1066 | D:2      | Reached XP level 4. HP: 29/29 MP: 4/4
  1200 | D:3      | Noticed Talea's ghost (amateur MiMo)
  1231 | D:3      | HP: 1/29 [Talea's ghost (6)]
  1232 | D:3      | Killed Talea's ghost
  1232 | D:3      | Reached XP level 5. HP: 1/34 MP: 5/5
  1639 | D:3      | Found a faded altar of an unknown god.
  2003 | D:4      | Reached skill level 5 in Axes
  2027 | D:4      | Reached XP level 6. HP: 38/40 MP: 6/6
  2098 | D:4      | Reached skill level 5 in Fighting
  2425 | D:4      | HP: 2/40 [iguana (2)]
  2426 | D:4      | Mangled by an iguana

Vault maps used:
D:1:      minmay_arrival_semitransparent
D:2:      lemuel_upstairs_altar, grunt_dithmenos_smoke_and_mirrors
D:3:      chequers_ecumenical_altar_simple_redux
D:4:      first_bread, kennysheep_orc_chapel, uniq_menkaure

Skill      XL: |  1  2  3  4  5  6 |
---------------+-------------------+-----
Axes           | 3 4 5 |  5.3
Fighting       | 4 5 |  5.0
Armour         | |  2.1
Dodging        | |  1.5

Action                   |  1- 3 |  4- 6 || total
-------------------------+-------+-------++-------
Melee: Hand axe          |   121 |   117 ||   238
Invok: Berserk           |     2 |     4 ||     6
       Trog's Hand       |       |     1 ||     1
  Use: Potion            |       |     1 ||     1
  Eat: Chunk             |     2 |     7 ||     9
       Bread ration      |       |     1 ||     1
Armor: Animal skin       |    15 |       ||    15
       Ring mail         |    50 |    51 ||   101
Dodge: Dodged            |    98 |    53 ||   151
